 Dungeon Crawl Stone Soup version 0.18.1-50-g88ac8fd (webtiles) character file.

903 varam the Ruffian (level 7, 58/66 HPs)
             Began as a Troll Monk on Oct 22, 2016.
             Quit the game on level 5 of the Dungeon.
             The game lasted 00:08:22 (4276 turns).

varam the Ruffian (Troll Monk)                      Turns: 4276, Time: 00:08:23

Health: 58/66      AC:  5    Str: 20    XL:     7   Next: 80%
Magic:  6/6        EV: 11    Int:  6    God:
Gold:   146        SH:  0    Dex: 14    Spells: 0 memorised, 6 levels left

rFire  . . .     SeeInvis .       - Unarmed
rCold  . . .     Gourm    +     a - +0 robe
rNeg   . . .     Faith    .     (no shield)
rPois  .         Spirit   .     (helmet restricted)
rElec  .         Dismiss  .     (no cloak)
rCorr  .         Reflect  .     (gloves unavailable)
SustAt .         Harm     .     (boots unavailable)
MR     .....                    (no amulet)
Stlth  ++........               (no ring)
                                (no ring)

@: not resistant to hostile enchantments, unstealthy
A: unfitting armour, claws 3, fast metabolism 3, gourmand, regeneration 2,
shaggy fur 1, tough skin 2
a: no special abilities


You were on level 5 of the Dungeon.
You were very hungry.

You visited 1 branch of the dungeon, and saw 5 of its levels.

You collected 146 gold pieces.

Inventory:

Missiles
 d - 202 stones (quivered)
 n - 3 tomahawks of returning
Armour
 a - a +0 robe (worn)
Jewellery
 c - an uncursed ring of protection from fire {unknown}
 l - a +3 ring of protection {unknown}
 u - an uncursed ring of protection from cold {unknown}
Wands
 v - a wand of disintegration (11/24)
Scrolls
 f - 4 scrolls of identify {unknown}
 g - 2 scrolls of enchant armour {unknown}
 h - 2 scrolls of teleportation {unknown}
 i - 2 scrolls of fear {unknown}
 j - a scroll of random uselessness {unknown}
 k - 2 scrolls of remove curse {unknown}
 m - 3 scrolls of amnesia {unknown}
 r - a scroll of fog {unknown}
 s - 2 scrolls of enchant weapon {unknown}
 w - a scroll of blinking {unknown}
Potions
 e - 2 potions of agility {unknown}
 o - 2 potions of heal wounds {unknown}
 p - a potion of might {unknown}
 q - a potion of degeneration {unknown}
Comestibles
 b - 4 bread rations
 t - 5 fruits


   Skills:
 - Level 2.4 Fighting
 + Level 3.3 Dodging
 + Level 3.5 Stealth
 * Level 7.9 Unarmed Combat


You had 6 spell levels left.
You didn't know any spells.

Dungeon Overview and Level Annotations

Branches:
Dungeon (5/15)             Temple (0/1) D:4

Altars:
Cheibriados
Kikubaaqudgha
Sif Muna
Trog
Yredelemnul

Annotations:
D:3 exclusion: door
D:4 manyhoops's ghost, amateur OgHu
D:5 Grinder


Innate Abilities, Weirdness & Mutations

You are too large for most types of armour.
You have claws for hands.
Your metabolism is lightning-fast.
You like to eat raw meat.
You heal very quickly.
You are covered in fur (AC +1).
You have very tough skin (AC +2).


Message History

The giant cockroach bites you but does no damage.
You barely miss the giant cockroach.
The giant cockroach bites you but does no damage.
You scratch the giant cockroach but do no damage.
The giant cockroach misses you.
You scratch the giant cockroach.
You kill the giant cockroach!
No target in view!
No target in view!
An orc comes into view. It is wielding a club.
An orc is nearby!
An orc priest and an orc wizard come into view. 2 orcs and Grinder come into view.
Grinder shouts!
The orc priest shouts!
The orc wizard shouts!
The orc shouts!
Grinder gestures at you. You resist with significant effort.
The orc priest miscasts a cantrip.
The orc wizard hits you with a dagger. Grinder hits you.
You writhe in agony.
The orc priest closely misses you. The orc closely misses you.
Are you sure you want to abandon this character and quit the game? (Confirm with "yes".)

.. #. .... #.
.....#####
#+#######..........
#.......#..........
#...o...#..........
#..o....#..........
#oo5.o..+..........
#.@###..#.........#
##..#############'##
+...........#.......
#...........+.......
#######.###+########
###.##..####..##
+....+....#...##
#....#....#.....
##..##....##..##


You could see Grinder, an orc priest, an orc wizard and 3 orcs.

Vanquished Creatures
  An ice beast (D:5)
  A sky beast (D:4)
  A phantom (D:5)
  An ogre (D:5)
  2 scorpions (D:4)
  A howler monkey (D:4)
  A crimson imp (D:5)
  An orc priest (D:3)
  3 orc wizards
  2 hounds (D:4)
  A giant frog skeleton (D:4)
  Ijyb (D:2)
  A worker ant (D:3)
  A hound skeleton (D:4)
  4 adders
  An adder skeleton (D:4)
  A worm (D:4)
  2 dart slugs (D:2)
  8 orcs
  4 ball pythons
  4 bats
  4 giant cockroaches
  10 goblins
  6 hobgoblins
  4 jackals (D:1)
  8 kobolds
  A quokka (D:4)
  2 giant gecko skeletons (D:4)
  9 giant newts
  4 rats
90 creatures vanquished.

Notes
Turn   | Place    | Note
--------------------------------------------------------------
     0 | D:1      | varam the Troll Monk began the quest for the Orb.
     0 | D:1      | Reached XP level 1. HP: 22/22 MP: 0/0
    48 | D:1      | Reached XP level 2. HP: 19/29 MP: 1/1
   317 | D:2      | Reached XP level 3. HP: 24/36 MP: 2/2
   774 | D:2      | Noticed Ijyb
   787 | D:2      | Killed Ijyb
   787 | D:2      | Reached skill level 5 in Unarmed Combat
   787 | D:2      | Reached XP level 4. HP: 35/44 MP: 3/3
  1017 | D:3      | Noticed an ice beast
  1363 | D:3      | Reached XP level 5. HP: 31/50 MP: 4/4
  1411 | D:3      | Found a basalt altar of Yredelemnul.
  1411 | D:3      | Found a snail-covered altar of Cheibriados.
  1412 | D:3      | Found a deep blue altar of Sif Muna.
  1414 | D:3      | Found a bloodstained altar of Trog.
  1415 | D:3      | Found an ancient bone altar of Kikubaaqudgha.
  1744 | D:4      | Reached skill level 6 in Unarmed Combat
  1770 | D:4      | Noticed manyhoops's ghost (amateur OgHu)
  1797 | D:4      | Found a staircase to the Ecumenical Temple.
  2050 | D:4      | Noticed an ogre
  2078 | D:5      | Entered Level 5 of the Dungeon
  2087 | D:5      | Killed an ogre
  2087 | D:5      | Reached XP level 6. HP: 6/59 MP: 5/5
  3118 | D:4      | Reached skill level 7 in Unarmed Combat
  3147 | D:4      | Reached XP level 7. HP: 60/66 MP: 6/6
  4273 | D:5      | Noticed Grinder
  4276 | D:5      | Quit the game

Skill      XL: |  1  2  3  4  5  6  7 |
---------------+----------------------+-----
Stealth        | 2 3 |  3.5
Unarmed Combat | 5 6 7 |  7.9
Dodging        | 3 |  3.3
Fighting       | |  2.4

Action                   |  1- 3 |  4- 6 |  7- 9 || total
-------------------------+-------+-------+-------++-------
Melee: Unarmed           |   104 |   137 |    54 ||   295
       Punch             |       |     2 |     2 ||     4
 Stab: Sleeping          |     1 |     3 |     2 ||     6
  Eat: Chunk             |    10 |    13 |     1 ||    24
       Royal jelly       |       |     1 |       ||     1
       Bread ration      |       |     1 |     1 ||     2
Armor: Robe              |    66 |    45 |    31 ||   142
Dodge: Dodged            |    52 |    63 |    19 ||   134
